 Seeded DCSS version 0.30-a0-187-gd9c2deaf24 (webtiles) character file.

Game seed: 20221003 (custom seed)

63 a11behringer the Cudgeller (level 3, -1/49 HPs)
             Began as an Armataur Berserker on Oct 3, 2022.
             Was a Follower of Trog.
             Killed by nerve-wracking pain
             ... invoked by a shadow imp
             ... summoned by Natasha
              (12 damage)
             ... on level 2 of the Dungeon.
             The game lasted 00:04:00 (1017 turns).

a11behringer the Cudgeller (Armataur Berserker)     Turns: 1017, Time: 00:04:01

Health: -1/49      AC:  5    Str: 24    XL:     3   Next: 89%
Magic:  3/3        EV:  9    Int:  7    God:    Trog [*.....]
Gold:   58         SH:  0    Dex:  9    Spells: 2/2 levels left

rFire   . . .      SeeInvis .    a - +0 mace
rCold   . . .      Faith    .    (no shield)
rNeg    . . .      Spirit   .    b - +0 animal skin
rPois   +          Reflect  .    (no helmet)
rElec   .          Harm     .    (no cloak)
rCorr   .          Roll     +    k - +0 pair of gloves
Will    .....                    (no barding)
Stlth   ..........               (no amulet)
HPRegen 0.28/turn                d - ring of poison resistance
MPRegen 0.08/turn                (no ring)

@: berserking, very quick
A: large, rugged brown scales 3, deformed body, armoured tail, roll, long
tongue, awkward tongue
a: Renounce Religion, Berserk


You were on level 2 of the Dungeon.
You worshipped Trog.
Trog was aware of your devotion.
You visited 1 branch of the dungeon, and saw 2 of its levels.

You collected 58 gold pieces.

Inventory:

Hand Weapons
 a - a +0 mace (weapon)
Armour
 b - a +0 animal skin (worn)
 k - a +0 pair of gloves (worn)
Jewellery
 d - a ring of poison resistance (left hand)
Scrolls
 c - 2 scrolls of immolation {unknown}
 e - a scroll of identify {unknown}
 f - a scroll of blinking {unknown}
 g - 2 scrolls of magic mapping {unknown}
 h - a scroll of enchant weapon {unknown}
 i - a scroll of vulnerability {unknown}
 l - a scroll of brand weapon {unknown}
 m - a scroll of amnesia {unknown}
Potions
 j - a potion of heal wounds {unknown}


   Skills:
 + Level 3.1 Fighting
 * Level 3.4 Maces & Flails
 + Level 3.1 Armour
 + Level 1.8 Dodging


You had 2 spell levels left.
You didn't know any spells.
Your spell library was empty.

Dungeon Overview and Level Annotations

Branches:
Dungeon (2/15)

Altars:

Shops:
D:1 *

Annotations:
D:2 Natasha


Innate Abilities, Weirdness & Mutations

You are completely covered in rugged brown scales. (AC +3, +7% HP)
Armour fits poorly on your strangely shaped body.
You have a long armoured tail.
You roll when moving toward enemies. (Rampage)
Your long tongue fully drains potion bottles. (2x potion effects)
Your tongue gives you trouble enunciating. (1.5x scroll delay)


Message History

m - a scroll labelled ZACLAERIEP Natasha hisses angrily.
Natasha claws you!
You closely miss Natasha.
Natasha casts a spell.
Natasha claws you.
You barely miss Natasha. Natasha claws you!
You are too injured to fight recklessly!
You are too injured to fight recklessly!
A red film seems to cover your vision as you go berserk!
You feel yourself moving faster!
You feel mighty! Natasha claws you but does no damage.
You barely miss Natasha.
Natasha howls an incantation.
You feel troubled. Natasha claws you but does no damage.
The shadow imp hits you.
You closely miss Natasha. You hit Natasha.
Natasha is moderately wounded.
The shadow imp gestures at you. Pain shoots through your body!
* * * LOW HITPOINT WARNING * * *
Natasha claws you but does no damage.
You closely miss Natasha.
Natasha is moderately wounded.
The shadow imp barely misses you. Natasha claws you.
* * * LOW HITPOINT WARNING * * *
You sock Natasha!
Natasha is almost dead.
Natasha stares at you and mumbles some strange words.
You resist with significant effort. The shadow imp closely misses you.
You barely miss Natasha.
Natasha is almost dead.
Natasha barely misses you.
The shadow imp hits you but does no damage.
You closely miss Natasha.
Natasha is almost dead.
The shadow imp gestures at you. Pain shoots through your body!
You die...

...#.. .<< ..... .....
... .... .... ###
#.###..## #... #..
...... ... #.#
##..#######.. #.#
#.........#.##+# #.#
#..h#####.#.##.# #.#
#..5@.###.#.##.####.#
#.....#.............#
##.....######.#.######
..............#.#....#
.........####.#.####.#
.........' #.# #
.....#...## #..
.....##### ##. ..... .


You could see Natasha and a shadow imp (summoned).

Vanquished Creatures
  Natasha (D:2)
  An adder (D:2)
  2 dart slugs (D:1)
  2 bats (D:1)
  3 endoplasms (D:1)
  3 goblins
  3 hobgoblins (D:1)
  A quokka (D:1)
  A ball python (D:1)
  5 frilled lizards (D:1)
  3 kobolds
  2 rats
27 creatures vanquished.

Vanquished Creatures (others)
  8 plants (D:1)
8 creatures vanquished.

Grand Total: 35 creatures vanquished

Notes
Turn   | Place    | Note
-------+----------+-------------------------------------------
     0 | D:1      | a11behringer the Armataur Berserker began the quest for the
                  | Orb.
     0 | D:1      | Reached XP level 1. HP: 19/19 MP: 1/1
   143 | D:1      | Reached XP level 2. HP: 26/26 MP: 2/2
   330 | D:1      | Found Seus Woi's Assorted Antiques.
   843 | D:2      | Noticed Natasha
   847 | D:2      | Killed Natasha
   848 | D:2      | Reached XP level 3. HP: 33/33 MP: 3/3
  1003 | D:2      | Noticed Natasha
  1017 | D:2      | Killed from afar by a shadow imp

Illustrated notes

Levels and vault maps discovered:
D:1:      noname_arrival_rooms_in_the_neighbourhood, layout_loops_ring,
          serial_shops, nicolae_shop_waterfront, minmay_lizard_king
D:2:      minmay_alternating_diamond, layout_basic,
          chequers_ecumenical_altar_island, uniq_natasha

Skill      XL: |  1  2 |
---------------+-------+-----
Maces & Flails | 3 |  3.4
Fighting       | 3 |  3.1
Armour         | 3 |  3.1
Dodging        | |  1.8

Action                   || total
-------------------------++-------
Melee: Mace              ||    95
       Tailslap          ||     4
Invok: Berserk           ||     1
Armor: Animal skin       ||    48
Dodge: Dodged            ||    58

Table legend: (Time is in decaauts)
 A = Elapsed time spent in this place.
 B = Non-inter-level travel time spent in this place.
 C = Inter-level travel time spent in this place.
 D = Time resting spent in this place.
 E = Time spent auto-exploring this place.
 F = Levels seen in this place.
 G = Mean time per level.
                   A        B        C        D        E       F      G
               +--------+--------+--------+--------+--------+-----+--------+
         Total |   1038 |    993 |     45 |      0 |    769 |   2 |  519.0 |
       Dungeon |   1038 |    993 |     45 |      0 |    769 |   2 |  519.0 |
               +--------+--------+--------+--------+--------+-----+--------+

Top non-repeatable levels by time:
     D:1: 793 daAuts
     D:2: 244 daAuts
